 Dungeon Crawl Stone Soup version 0.20-a0-854-g0cc194a (console) character file.

95 nht the Chopper (level 4, -3/37 HPs)
             Began as a Hill Orc Gladiator on Mar 11, 2017.
             Was a Follower of Ashenzari.
             Killed by nerve-wracking pain
             ... invoked by an orc priest
              (12 damage)
             ... on level 3 of the Dungeon.
             The game lasted 00:02:23 (2002 turns).

nht the Chopper (Hill Orc Gladiator)                Turns: 2002, Time: 00:02:24

Health: -3/37      AC:  4    Str: 18    XL:     4   Next: 66%
Magic:  4/4        EV: 12    Int:  9    God:    Ashenzari [*.....]
Gold:   78         SH:  0    Dex: 12    Spells: 3/3 levels left

rFire    + . .     SeeInvis .   a - +0 war axe (curse)
rCold    . . .     Gourm    .   b - +0 leather armour
rNeg     . . .     Faith    .   (no shield)
rPois    .         Spirit   .   c - +0 helmet
rElec    .         Reflect  .   (no cloak)
rCorr    .         Harm     .   (no gloves)
MR       .....     Rnd*Tele +   (no boots)
Stlth    ++........             (no amulet)
Regen    0.2/turn               (no ring)
MPRegen  0.1/turn               e - ring of stealth

@: no status effects
A: fire resistance 1, strong 1, teleportitis 1, no potion heal 1
a: Curse Item, Scrying, Renounce Religion, Convert to Beogh


You were on level 3 of the Dungeon.
You worshipped Ashenzari.
Ashenzari was aware of your devotion.
You were hungry.

You visited 1 branch of the dungeon, and saw 3 of its levels.

You collected 78 gold pieces.

Inventory:

Hand Weapons
 a - a cursed +0 war axe (weapon)
Missiles
 d - 3 throwing nets (quivered)
Armour
 b - a +0 leather armour (worn)
 c - a +0 helmet (worn)
Jewellery
 e - a ring of stealth (left hand)
Scrolls
 g - 4 scrolls of teleportation
 j - 4 scrolls of identify
 m - a scroll of enchant armour {unknown}
 p - a scroll of enchant weapon {unknown}
 r - a scroll of remove curse
 u - a scroll of magic mapping {unknown}
Potions
 h - a potion of haste
 l - 2 potions of agility
Comestibles
 f - 2 bread rations
 i - 3 fruits
 k - 3 meat rations
 t - 2 chunks of flesh


   Skills:
 - Level 2.4 Fighting
 + Level 6.9 Axes
 - Level 1.7 Throwing
 - Level 2.4 Dodging


You had 3 spell levels left.
You didn't know any spells.

Dungeon Overview and Level Annotations

Branches:
Dungeon (3/15)

Altars:
Ashenzari


Innate Abilities, Weirdness & Mutations

Your flesh is heat resistant. (rF+)
Your muscles are strong. (Str +2)
You are occasionally teleported next to monsters.
Potions are less effective at restoring your health.


Message History

The orc wizard casts a spell at you. The puff of flame hits you! You resist.
The orc priest closely misses you.
You hit the hobgoblin.
You kill the hobgoblin!
You closely miss the orc priest.
The orc priest threatens, "By the altar or by the axe, you will meet Beogh!"
The orc priest shouts, "Join the one true god or die!"
You slash the orc wizard!
The orc wizard points at you and mumbles some strange words.
The puff of flame hits you! You resist.
The orc wizard hits you but does no damage.
The orc priest invokes the aid of Beogh against you.
Pain shoots through your body!
You closely miss the orc wizard.
The orc wizard is heavily wounded.
You hit the orc priest. The orc wizard hits you with a dagger.
* * * LOW HITPOINT WARNING * * *
The orc priest invokes the aid of Beogh against you.
Pain shoots through your body!
You die... █.█ █████ █.█ █.█ █████'███

████+█████.......█
█................█
█....$...........█
......)..........█
......o@.........█
......)o..████'███
.......████ █.█
....... █.█
....... █.█
....... █.█
....... █.█
██...██ █.█ █.█


████ You could see an orc priest and an orc wizard.

Vanquished Creatures
  4 adders
  A worm (D:2)
  A dart slug (D:1)
  5 leopard geckos
  3 orcs
  5 bats
  5 giant cockroaches
  3 goblins
  3 hobgoblins
  5 kobolds
  2 ball pythons
  5 frilled lizards
  6 rats
48 creatures vanquished.

Notes
Turn   | Place    | Note
-------+----------+-------------------------------------------
     0 | D:1      | nht the Hill Orc Gladiator began the quest for the Orb.
     0 | D:1      | Reached XP level 1. HP: 18/18 MP: 1/1
   123 | D:1      | Reached XP level 2. HP: 20/25 MP: 2/2
   195 | D:1      | Reached skill level 5 in Axes
   206 | D:1      | Found a shattered altar of Ashenzari.
   289 | D:1      | Became a worshipper of Ashenzari the Shackled
   410 | D:1      | Reached XP level 3. HP: 30/30 MP: 3/3
   976 | D:2      | Reached skill level 6 in Axes
  1124 | D:2      | Reached * piety under Ashenzari
  1371 | D:2      | Reached XP level 4. HP: 22/37 MP: 4/4
  1593 | D:2      | Found a faded altar of an unknown god.
  1994 | D:3      | Gained mutation: Potions are less effective at restoring your health. [potion of mutation]
  1994 | D:3      | Gained mutation: You are occasionally teleported next to monsters. [potion of mutation]
  1994 | D:3      | Gained mutation: Your muscles are strong. (Str +2) [potion of mutation]
  1994 | D:3      | Gained mutation: Your flesh is heat resistant. (rF+) [potion of mutation]
  2002 | D:3      | Killed from afar by an orc priest

Vault maps used:
D:1:      dpeg_arrival_rooms_b, nicolae_ashenzari_panopticon
D:2:      chequers_ecumenical_altar_simple_redux

Skill      XL: |  1  2  3 |
---------------+----------+-----
Axes           | 5 6 |  6.9
Fighting       | |  2.4
Throwing       | |  1.7
Dodging        | |  2.4

Action                   |  1- 3 |  4- 6 || total
-------------------------+-------+-------++-------
Melee: War axe           |    91 |    36 ||   127
Invok: Curse Item        |     1 |       ||     1
  Use: Scroll            |     4 |       ||     4
       Potion            |       |     4 ||     4
 Stab: Sleeping          |     6 |     2 ||     8
  Eat: Chunk             |     1 |     2 ||     3
Armor: Leather armour    |    21 |    13 ||    34
Dodge: Dodged            |    63 |    30 ||    93
